AoeStats
← mryendl2410

Arabia

509283160Analyzed
4v4 RM · 7d ago on Sep 26, 2026· 29m 4s· 8 players
Game mode
Random Map
Map size
Large (8 player)
Population
200
Speed
Normal
Resources
Standard
Victory
Conquest
Starting age
Dark Age
Ending age
Imperial Age
RankedLock teamsTeams togetherTeam positionsShared explorationLock speedFull tech treeHidden civsTurbo modeCheats
Victory
Defeat
🇺🇸 Romans · United States
1398
+15
🇨🇳 Persians · China
1388
+15
🇨🇳 Ethiopians · China
1378
+15
🇮🇳 Hindustanis · India
1374
+16
🇦🇷 Saracens · Argentina
1434
-18
🇸🇪 Wei · Sweden
1424
-18
🇻🇳 Ethiopians · Vietnam
1392
-16
🇲🇽 Huns · Mexico
1219
-9
meh
7:27 Loom
7:45 Loom
9:38 Feudal Age
13:49 Castle Age
13:00 Double-Bit Axe
27:55 Wheelbarrow
29:05 Gold Mining
FreakinGorkha
6:13 Loom
8:51 Feudal Age
9:22 Double-Bit Axe
22:27 Castle Age
20:56 Bloodlines
22:10 Scale Barding Armor
22:31 Light Cavalry
23:25 Bow Saw
22:57 Horse Collar
23:59 Chain Barding Armor
24:17 Wheelbarrow
24:02 Husbandry
25:15 Heavy Plow
26:07 Forging
27:22 Gold Mining
29:14 Town Watch
阳光
7:35 Loom
9:38 Feudal Age
10:38 Double-Bit Axe
13:34 Padded Archer Armor
14:16 Fletching
14:23 Gold Mining
23:34 Castle Age
22:16 Horse Collar
23:41 Crossbowman
24:26 Bodkin Arrow
25:36 Leather Archer Armor
26:28 Ballistics
27:45 Bow Saw
29:23 Thumb Ring
秦墨子
4:36 Loom
10:04 Feudal Age
11:20 Wheelbarrow
10:56 Double-Bit Axe
11:02 Horse Collar
17:50 Gold Mining
19:28 Forging
22:29 Castle Age
21:43 Scale Barding Armor
22:35 Bloodlines
23:22 Hand Cart
23:51 Husbandry
24:40 Iron Casting
24:44 Gold Shaft Mining
29:20 Stone Mining
29:41 Bow Saw
QUE PASO NEGRO
6:09 Loom
9:49 Feudal Age
23:47 Castle Age
22:51 Bloodlines
22:52 Scale Barding Armor
22:43 Horse Collar
23:25 Double-Bit Axe
24:56 Wheelbarrow
24:35 Gold Mining
Dunder
4:57 Loom
9:26 Feudal Age
10:11 Double-Bit Axe
10:54 Horse Collar
17:19 Castle Age
15:32 Stone Mining
17:36 Gold Mining
18:17 Bow Saw
18:09 Heavy Plow
20:09 Wheelbarrow
20:37 Stone Shaft Mining
21:57 Gold Shaft Mining
23:24 Scale Barding Armor
23:29 Forging
23:38 Bloodlines
24:20 Forging
26:23 Chain Barding Armor
mryendl2410
5:59 Loom
9:05 Feudal Age
9:49 Double-Bit Axe
11:15 Fletching
16:31 Horse Collar
21:37 Castle Age
Mono Manco
5:42 Loom
8:45 Feudal Age
8:58 Man-at-Arms
9:38 Double-Bit Axe
9:44 Town Watch
14:07 Fletching
17:32 Padded Archer Armor
22:56 Castle Age
21:30 Horse Collar
21:43 Gold Mining
22:58 Crossbowman
23:34 Bodkin Arrow
24:37 Ballistics
26:51 Wheelbarrow
26:20 Heavy Plow
27:35 Bow Saw
Connection lost

Rejoining the realm…

Still unreachable

The connection could not be restored.

Session expired

The server has moved on; the page needs a fresh start.